AoeStats
← 断天泪

Nomad

509903659Analyzed
3v3 RM · 5d ago on Sep 28, 2026· 41m 30s· 6 players
Game mode
Random Map
Map size
210×210
Population
200
Speed
Normal
Resources
Standard
Victory
Conquest
Starting age
Dark Age
Ending age
Imperial Age
RankedLock teamsTeams togetherTeam positionsShared explorationLock speedFull tech treeHidden civsTurbo modeCheats
Victory
Defeat
🇩🇪 Vikings · Germany
762
+19
🇨🇴 Huns · Colombia
757
+19
🇪🇪 Japanese · Estonia
700
+23
🇨🇳 Vietnamese · China
870
-22
🇨🇳 Britons · China
830
-20
🇩🇪 Persians · Germany
797
-19
S3r!ousLE3
9:09 Loom
16:43 Feudal Age
17:10 Town Watch
17:15 Double-Bit Axe
17:45 Fishing Lines
21:44 Castle Age
21:31 Fletching
22:19 Crossbowman
23:04 Bodkin Arrow
25:07 Bow Saw
25:23 Gillnets
25:45 Padded Archer Armor
31:43 Leather Archer Armor
38:07 Imperial Age
36:30 Ballistics
38:11 Arbalester
39:14 Conscription
39:26 Bracer
39:29 Bogsveigar
40:36 Chemistry
Hercule Poirot II
4:15 Loom
21:48 Feudal Age
23:10 Town Watch
24:53 Gold Mining
25:18 Double-Bit Axe
34:35 Horse Collar
37:20 Castle Age
35:57 Wheelbarrow
35:16 Stone Mining
35:32 Fishing Lines
36:28 Bloodlines
36:27 Arson
37:06 Scale Barding Armor
37:40 Forging
38:27 Heavy Plow
38:42 Bow Saw
38:43 Gillnets
39:44 Gold Shaft Mining
santiago.ramirez10
12:27 Loom
17:06 Feudal Age
17:45 Double-Bit Axe
18:09 Fishing Lines
25:38 Wheelbarrow
24:48 Town Watch
26:15 Bloodlines
27:08 Gold Mining
29:34 Castle Age
28:04 Stone Mining
29:40 Light Cavalry
30:20 Husbandry
33:48 Wheelbarrow
32:58 Town Watch
34:07 Fletching
38:56 Imperial Age
36:42 Hand Cart
36:27 Town Patrol
38:26 Town Patrol
38:55 Horse Collar
39:26 Forging
39:16 Scale Mail Armor
39:21 Scale Barding Armor
39:33 Marauders
39:39 Gillnets
39:57 Capped Ram
41:20 Conscription
40:32 Sappers
42:20 Gold Shaft Mining
41:59 Bow Saw
断天泪
13:44 Feudal Age
19:39 Castle Age
19:57 Double-Bit Axe
19:54 Horse Collar
21:02 Bow Saw
23:56 Heavy Plow
27:22 Wheelbarrow
26:32 Loom
26:32 Town Watch
28:03 Gold Mining
28:04 Stone Mining
29:58 Pikeman
30:53 Fletching
32:17 Bodkin Arrow
32:22 Padded Archer Armor
Letty
16:08 Feudal Age
17:55 Double-Bit Axe
21:24 Stone Mining
21:19 Horse Collar
24:44 Castle Age
23:38 Horse Collar
24:58 Wheelbarrow
26:16 Bow Saw
26:03 Pikeman
28:21 Elite Skirmisher
32:08 Hand Cart
Hellmut
6:58 Loom
16:31 Feudal Age
18:42 Wheelbarrow
21:55 Castle Age
21:00 Double-Bit Axe
22:43 Bow Saw
26:05 Hand Cart
26:12 Hand Cart
28:10 Kamandaran
30:33 Fletching
32:15 Crossbowman
32:42 Elite Skirmisher
36:46 Thumb Ring
39:32 Forging
39:22 Scale Mail Armor
40:20 Masonry
Connection lost

Rejoining the realm…

Still unreachable

The connection could not be restored.

Session expired

The server has moved on; the page needs a fresh start.